 Dungeon Crawl Stone Soup version 0.29.1-15-g9cfb28693d (webtiles) character file.

Game seed: 12531360222890671005

3892 nonceun the Cleaver (level 10, 0/93 HPs)
             Began as a Minotaur Berserker on Apr 1, 2023.
             Was an Elder of Trog.
             Slain by a vampire (10 damage)
             ... on level 9 of the Dungeon.
             The game lasted 00:20:02 (7484 turns).

nonceun the Cleaver (Minotaur Berserker)            Turns: 7484, Time: 00:20:02

Health: 0/93       AC: 18    Str: 28    XL:     10   Next: 0%
Magic:  9/9        EV:  9    Int:  5    God:    Trog [****..]
Gold:   498        SH:  0    Dex: 12    Spells: 9/9 levels left

rFire   . . .      SeeInvis .   a - +4 war axe
rCold   . . .      Faith    +   (no shield)
rNeg    + . .      Spirit   .   c - +0 chain mail
rPois   +          Reflect  .   (helmet restricted)
rElec   .          Harm     .   r - +2 ratskin cloak {*Rats rPois rN+ Str-1 Int-1 Dex+1}
rCorr   .          Rampage  .   B - +0 pair of gloves
Will    .....                   v - +0 pair of boots
Stlth   ..........              j - amulet of faith
HPRegen 0.25/turn               x - +4 ring of protection
MPRegen 0.11/turn               t - +6 ring of strength

@: confused, on berserk cooldown, slowed, very slow
A: horns 2, retaliatory headbutt
a: Renounce Religion, Berserk, Trog's Hand, Brothers in Arms


You were on level 9 of the Dungeon.
You worshipped Trog.
Trog was greatly pleased with you.
You visited 1 branch of the dungeon, and saw 9 of its levels.

You collected 498 gold pieces.

Inventory:

Hand Weapons
 a - a +4 war axe (weapon)
 b - a +0 halberd of flaming
Missiles
 e - 56 stones (quivered)
Armour
 c - a +0 chain mail (worn)
 r - the +2 ratskin cloak (worn) {*Rats rPois rN+ Str-1 Int-1 Dex+1}
   (You found it on level 4 of the Dungeon)

   When the wearer is hurt, rats may emerge from it to assist them.
   Str:       It affects your strength (-1).
   Int:       It affects your intelligence (-1).
   Dex:       It affects your dexterity (+1).
   rPois:     It protects you from poison.
   rN:        It protects you from negative energy.
 v - a +0 pair of boots (worn)
 B - a +0 pair of gloves (worn)
 J - a +1 cloak
Jewellery
 j - an amulet of faith (around neck)
 t - a +6 ring of strength (right hand)
 x - a +4 ring of protection (left hand)
 E - a +6 ring of dexterity
 F - an amulet of magic regeneration
 G - a +6 ring of dexterity
 K - a ring of positive energy
 M - a +4 ring of protection
Wands
 k - a wand of flame (30)
 q - a wand of digging (13)
 w - a wand of charming (2)
 y - a wand of light (14)
Scrolls
 d - 9 scrolls of identify {unknown}
 f - 5 scrolls of magic mapping {unknown}
 g - 3 scrolls of vulnerability {unknown}
 i - 2 scrolls of fear {unknown}
 o - a scroll of immolation
 p - 2 scrolls of enchant weapon {unknown}
 s - a scroll of blinking {unknown}
 C - a scroll of poison {unknown}
Potions
 h - a potion of curing {unknown}
 l - 3 potions of haste
 m - a potion of cancellation {unknown}
 n - 2 potions of brilliance {unknown}
 u - a potion of heal wounds {unknown}
 z - 2 potions of mutation {unknown}
 A - a potion of attraction {unknown}
 D - 2 potions of degeneration {unknown}
 H - a potion of resistance {unknown}
 I - 2 potions of berserk rage
 L - a potion of ambrosia {unknown}


   Skills:
 + Level 10.3 Fighting
 + Level 14.2 Axes
 + Level 3.5 Armour
 + Level 2.2 Dodging


You had 9 spell levels left.
You didn't know any spells.
Your spell library contained the following spells:

 Spells                   Type           Power      Damage    Failure   Level
 Foxfire                  Conj/Fire      0%         2x1d4     96%         1
 Magic Dart               Conj           0%         1d3       96%         1
 Necrotise                Necr           0%         1d4       96%         1
 Sting                    Tmut/Pois      0%         1d3       96%         1
 Poisonous Vapours        Pois/Air       0%         N/A       99%         2
 Searing Ray              Conj           0%         2d4       99%         2
 Conjure Flame            Conj/Fire      0%         6-21      100%        3
 Inner Flame              Hex/Fire       0%         N/A       100%        3
 Ozocubu's Armour         Ice            0%         N/A       100%        3
 Summon Guardian Golem    Hex/Summ       0%         N/A       100%        3
 Vampiric Draining        Necr           0%         2d6       100%        3
 Corpse Rot               Necr/Pois/Air  0%         N/A       100%        4
 Flame Wave               Conj/Fire      0%         2d4       100%        4
 Fulminant Prism          Conj/Hex       0%         3d6       100%        4
 Olgreb's Toxic Radiance  Pois           0%         N/A       100%        4
 Summon Lightning Spire   Summ/Air       0%         N/A       100%        4
 Agony                    Necr           0%         N/A       100%        5
 Freezing Cloud           Conj/Ice/Air   0%         6-21      100%        5
 Lightning Bolt           Conj/Air       0%         1d11      100%        5
 Simulacrum               Ice/Necr       0%         N/A       100%        6
 Orb of Destruction       Conj           0%         9d5       100%        7
 Ozocubu's Refrigeration  Ice            0%         4d7       100%        7
 Spellforged Servitor     Conj/Summ      0%         N/A       100%        7
 Polar Vortex             Ice            0%         N/A       100%        9


Dungeon Overview and Level Annotations

Branches:
Dungeon (9/15)             Temple (0/1) D:6
   Lair: D:8-11         Orc: D:9-12

Altars:
Elyvilon
Wu Jian
Zin

Shops:
D:5 *


Innate Abilities, Weirdness & Mutations

You have a pair of horns on your head.
You reflexively headbutt those who attack you in melee.


Message History

Something bites you but does no damage.
It was a potion of berserk rage.
A red film seems to cover your vision as you go berserk!
You feel yourself moving faster!
You feel mighty!
You hear some strange, mumbled words.
Something tries to affect you, but you resist.
Something hits you.
* * * LOW HITPOINT WARNING * * *
Something bites you!
* * * LOW HITPOINT WARNING * * *
Something draws strength from your injuries!
Are you sure you want to stumble around while confused and next to your river rat?
You feel a strong urge to attack something.
Are you sure you want to stumble around while confused and next to your river rat?
Something hits you but does no damage. Something bites you!
* * * LOW HITPOINT WARNING * * *
Something draws strength from your injuries!
Your river rat bites something.
Are you sure you want to stumble around while confused and next to your river rat?
Something hits you.
* * * LOW HITPOINT WARNING * * *
Something bites you!
* * * LOW HITPOINT WARNING * * *
Something draws strength from your injuries!
You feel your anger nearly subside.
Your river rat barely misses something.
You are too berserk!
You are no longer berserk.
You are exhausted.
You feel yourself slow down.
Your river rat barely misses something.
Something hits you but does no damage. Something bites you but does no damage.
You are too confused!
Unknown command.
You barely miss something. Your headbutt misses something.
Something hits you but does no damage. Something bites you but does no damage.
Your river rat closely misses something.
Are you sure you want to stumble around while confused and next to your river rat?
You slash something! Something hits you but does no damage.
Something bites you!
You die...

#######.# ##≈≈≈# .
........# #≈≈≈≈#..
#......# #≈≈≈≈#.####
#......# #≈≈~≈#...~.
+......# ##~~~~~~~≈~~
#....))#######~.≈≈~≈~~.~.
#.>..).r.......~~~≈~~~~~≈
........r........~≈≈~~~~~~
........r@......#.~~.....~
......##+#####..#...#.+...
...... #..#...#.#...
)..... #..#...#.#... .....
#..#####.#... ####.
+......(.#...
#........#...
#......###... #......#


You could see 3 friendly river rats.

Vanquished Creatures
  A harpy (shapeshifter) (D:9)
  Maurice (D:8)
  A hornet (D:9)
  A wyvern (D:7)
  A steam dragon (D:6)
  2 water moccasins (D:6)
  3 ice beasts
  A sky beast (D:8)
  A centaur (D:7)
  2 ogres (D:5)
  2 phantoms
  A gnoll sergeant (D:6)
  2 bullfrogs
  A necrophage (D:3)
  2 scorpions (D:4)
  12 wights
  2 jellies
  3 orc priests
  A hound (D:5)
  4 iguanas
  Terence (D:2)
  4 orc wizards
  9 gnolls
  6 adders
  3 white imps (D:7)
  An ufetubus (D:6)
  A worm (D:3)
  4 dart slugs
  25 orcs
  9 endoplasms
  2 giant cockroaches
  9 goblins
  5 hobgoblins
  4 jackals (D:1)
  4 quokkas
  7 ball pythons
  3 bats
  A frilled lizard (D:2)
  3 kobolds
  7 rats
152 creatures vanquished.

Vanquished Creatures (collateral kills)
  An orc (D:4)
1 creature vanquished.

Grand Total: 153 creatures vanquished

Notes
Turn   | Place    | Note
-------+----------+-------------------------------------------
     0 | D:1      | nonceun the Minotaur Berserker began the quest for the Orb.
     0 | D:1      | Reached XP level 1. HP: 19/19 MP: 0/0
     5 | D:1      | You fall into a shaft and drop 1 floor!
     7 | D:2      | Noticed Terence
    14 | D:2      | Killed Terence
    15 | D:2      | Reached skill level 5 in Axes
    15 | D:2      | Reached XP level 2. HP: 23/26 MP: 1/1
    18 | D:2      | Reached XP level 3. HP: 28/31 MP: 2/2
   377 | D:1      | Reached XP level 4. HP: 38/39 MP: 3/3
   378 | D:1      | Reached skill level 6 in Axes
   771 | D:1      | Reached ** piety under Trog
  1390 | D:3      | Noticed a phantom
  1400 | D:3      | Killed a phantom
  1401 | D:3      | Reached skill level 7 in Axes
  1401 | D:3      | Reached XP level 5. HP: 45/45 MP: 4/4
  1729 | D:3      | Reached skill level 8 in Axes
  1729 | D:3      | Reached XP level 6. HP: 49/51 MP: 5/5
  1790 | D:3      | Found a faded altar of an unknown god.
  2267 | D:4      | Found the +2 ratskin cloak {*Rats rPois rN+ Str-1 Int-1
                  | Dex+1}
  2362 | D:4      | Reached *** piety under Trog
  2599 | D:4      | Reached skill level 9 in Axes
  3051 | D:4      | Reached XP level 7. HP: 49/57 MP: 6/6
  3172 | D:5      | Entered Level 5 of the Dungeon
  3181 | D:5      | Reached skill level 10 in Axes
  3511 | D:5      | Found Penneq's Mass Market.
  3656 | D:5      | Reached skill level 11 in Axes
  3805 | D:5      | Got Hesk's Guidebook on Fog and the Blizzard
  4169 | D:6      | Noticed a steam dragon
  4214 | D:6      | Reached XP level 8. HP: 46/66 MP: 7/7
  4312 | D:6      | Reached skill level 5 in Fighting
  4312 | D:6      | Reached skill level 12 in Axes
  4796 | D:6      | Found a staircase to the Ecumenical Temple.
  5408 | D:7      | Reached skill level 13 in Axes
  5415 | D:7      | Reached **** piety under Trog
  5612 | D:7      | Reached XP level 9. HP: 75/75 MP: 8/8
  6227 | D:8      | Noticed Maurice
  6263 | D:8      | Killed Maurice
  6264 | D:8      | Reached skill level 14 in Axes
  6300 | D:8      | Found an ornate altar of the Wu Jian Council.
  6308 | D:8      | Found a white marble altar of Elyvilon.
  6310 | D:8      | Found a glowing silver altar of Zin.
  7284 | D:9      | Reached skill level 10 in Fighting
  7287 | D:9      | Noticed a harpy
  7293 | D:9      | Killed a harpy
  7466 | D:9      | Reached XP level 10. HP: 77/93 MP: 9/9
  7484 | D:9      | Slain by a vampire

Illustrated notes

Levels and vault maps discovered:
D:1:      eino_arrival_cavern_d, layout_basic
D:2:      layout_loops_ring, uniq_terence
D:3:      kennysheep_six_static_rooms, layout_basic,
          hellmonk_ecumenical_altar_blasted
D:4:      layout_gridville, minivault_1, minmay_box_of_dots
D:5:      layout_basic, minmay_shop_mass
D:6:      layout_basic, temple_hall
D:7:      layout_loops_ring, grunt_ministairs_2
D:8:      layout_loops_corners, minitemple, uniq_maurice
D:9:      layout_irregular_city, serial_rivers, chequers_serial_rivers_large_a,
          chequers_serial_rivers_micro_c, chequers_serial_rivers_small_3,
          chequers_serial_rivers_room_b, chequers_serial_rivers_room_a,
          chequers_serial_rivers_micro_e, grunt_decor_one_mirror,
          lightli_fourway_metalbox

Skill      XL: |  1  2  3  4  5  6  7  8  9 |
---------------+----------------------------+-----
Axes           | 5 7 8 9 11 13 14 | 14.2
Fighting       | 4 5 10 | 10.3
Armour         | 3 |  3.5
Dodging        | |  2.2

Action                   |  1- 3 |  4- 6 |  7- 9 | 10-12 || total
-------------------------+-------+-------+-------+-------++-------
Melee: Hand axe          |    33 |    91 |       |       ||   124
       Headbutt          |     6 |    22 |    31 |     1 ||    60
       War axe           |       |    57 |   207 |    10 ||   274
       Punch             |       |       |     5 |       ||     5
Invok: Berserk           |     1 |       |       |       ||     1
       Trog's Hand       |       |       |     3 |       ||     3
  Use: Potion            |       |       |       |     1 ||     1
Armor: Chain mail        |    10 |    58 |   125 |    19 ||   212
Dodge: Dodged            |    11 |    38 |    59 |       ||   108
